 Dungeon Crawl Stone Soup version 0.20.0-8-g6b59dc7 (webtiles) character file.

66 Kosschaser the Shooter (level 3, -3/28 HPs)
             Began as a Centaur Arcane Marksman on May 30, 2017.
             Killed from afar by a leopard gecko (31 damage)
             ... with an exploding inner flame
             ... hexed by the player character
             ... on level 2 of the Dungeon.
             The game lasted 00:11:45 (1621 turns).

Kosschaser the Shooter (Centaur Arcane Marksman)    Turns: 1621, Time: 00:11:46

Health: -3/28      AC:  4    Str: 12    XL:     3   Next: 96%
Magic:  1/4        EV:  8    Int: 12    God:
Gold:   68         SH:  0    Dex: 10    Spells: 1/4 levels left

rFire    . . .     SeeInvis .   a - +1 shortbow
rCold    . . .     Gourm    .   (shield currently unavailable)
rNeg     . . .     Faith    .   e - +0 robe
rPois    .         Spirit   .   r - +0 hat
rElec    .         Reflect  .   (no cloak)
rCorr    +         Harm     .   (no gloves)
MR       .....                  (no barding)
Stlth    +.........             (no amulet)
Regen    0.1/turn               k - ring of resist corrosion
MPRegen  0.1/turn               n - -2 ring of evasion (curse)

@: very quick
A: hooves 3, deformed body, speed 2, tough skin 3
a: no special abilities


You were on level 2 of the Dungeon.
You were very hungry.

You visited 1 branch of the dungeon, and saw 3 of its levels.

You collected 68 gold pieces.

Inventory:

Hand Weapons
 a - a +1 shortbow (weapon)
Missiles
 d - 3 arrows (quivered)
Armour
 e - a +0 robe (worn)
 r - a +0 hat (worn)
Jewellery
 k - a ring of resist corrosion (left hand)
 n - a cursed -2 ring of evasion (right hand)
 s - an uncursed ring of flight {unknown}
Scrolls
 h - a scroll of enchant weapon
Potions
 b - a potion of heal wounds {unknown}
 i - a potion of agility {unknown}
 o - 2 potions of might {unknown}
 q - a potion of brilliance
Books
 c - a book of Debilitation

   Spells                             Type                      Level
   a - Corona                         Hexes                        1
   b - Slow                           Hexes                        2
   c - Inner Flame                    Hexes/Fire                   3
   d - Portal Projectile              Hexes/Translocation          3
   e - Cause Fear                     Hexes                        4
   f - Leda's Liquefaction            Hexes/Earth                  4
Comestibles
 f - 2 bread rations
 p - a royal jelly


   Skills:
 + Level 1.3 Fighting
 * Level 5.1 Bows
 + Level 1.5 Dodging
 + Level 1.0 Spellcasting
 + Level 2.9 Hexes


You had one spell level left.
You knew the following spells:

 Your Spells              Type           Power        Failure   Level  Hunger
a - Inner Flame           Hex/Fire       #.......     43%         3    ####...


Dungeon Overview and Level Annotations

Branches:
Dungeon (3/15)

Altars:


Innate Abilities, Weirdness & Mutations

You have hooves in place of feet.
Armour fits poorly on your strangely shaped body.
You cover ground very quickly.
You have extremely tough skin. (AC +3)


Message History

Casting: Inner Flame
Confirm with . or Enter, or press ? or * to list all spells.
Aiming: Inner Flame
Press: ? - help, Shift-Dir - straight line, f/p - leopard gecko
Aim: a leopard gecko (chance to defeat MR: 61%)
The leopard gecko is filled with an inner flame.
You are feeling very hungry.
Firing (i - inventory):
d - 4 arrows (quivered)
Press: ? - help, Shift-Dir - straight line, f/p - leopard gecko
Aim: a leopard gecko (inner flame)
You shoot an arrow. The arrow misses the leopard gecko.
The leopard gecko bites you but does no damage.
Firing (i - inventory):
d - 3 arrows (quivered)
Press: ? - help, Shift-Dir - straight line, f/p - leopard gecko
Aim: a leopard gecko (inner flame)
You shoot an arrow. The arrow hits the leopard gecko!
The leopard gecko explodes!
The fiery explosion engulfs you!
Ouch! That really hurt!
You die...

..# #(.....(..# .## #.
##.##..#### ## .## #.##..# # ..#
#.....# # #.# ###)..## #####
#.### ##.....## ....# #%#.##
##.......##
#...##########§§§.####.........##
.....†...(....§§@....+.........+(
......########.§§.####.........##
##(.#.# #.#.## ##.......##
###.#.# #.### ##.....## # #.#.#
#.# ##...## # .(#.# #.# ##'## .
....# #.. #.# ##.#### #.. #.# #.
##)######


There were no monsters in sight!

Vanquished Creatures
  3 gnolls (D:2)
  An adder (D:2)
  3 goblins
  3 hobgoblins
  2 jackals (D:1)
  8 kobolds
  4 bats
  6 rats
30 creatures vanquished.

Notes
Turn   | Place    | Note
-------+----------+-------------------------------------------
     0 | D:1      | Kosschaser the Centaur Arcane Marksman began the quest for the Orb.
     0 | D:1      | Reached XP level 1. HP: 16/16 MP: 2/2
   438 | D:1      | Reached skill level 3 in Bows
   489 | D:1      | Reached XP level 2. HP: 22/23 MP: 3/3
   968 | D:2      | Reached skill level 4 in Bows
   968 | D:2      | Reached XP level 3. HP: 23/28 MP: 4/4
  1115 | D:2      | Reached skill level 5 in Bows
  1608 | D:2      | Learned a level 3 spell: Inner Flame
  1621 | D:2      | Killed from afar by a leopard gecko

Skill      XL: |  1  2  3 |
---------------+----------+-----
Bows           | 3 4 5 |  5.1
Fighting       | |  1.3
Dodging        | |  1.5
Spellcasting   | |  1.0
Hexes          | |  2.9

Action                   || total
-------------------------++-------
 Fire: Shortbow          ||   121
 Cast: Corona            ||     1
       Inner Flame       ||     1
  Use: Scroll            ||     8
Armor: Robe              ||     7
Dodge: Dodged            ||    14
